 Dungeon Crawl Stone Soup version 0.29.0-4-gdea44cf6ec (webtiles) character file.

Game seed: 5664519841522412329

69 qw the Chopper (level 4, 0/26 HPs)
             Began as a Tengu Warper on Aug 28, 2022.
             Slain by Sigmund
             ... wielding a +0 scythe
              (7 damage)
             ... on level 2 of the Dungeon.
             The game lasted 00:00:08 (2458 turns).

qw the Chopper (Tengu Warper)                       Turns: 2458, Time: 00:00:09

Health: 0/26       AC:  3    Str: 13    XL:     4   Next: 20%
Magic:  8/8        EV: 12    Int: 13    God:
Gold:   49         SH:  0    Dex: 14    Spells: 7/7 levels left

rFire   . . .      SeeInvis .   Y - +0 hand axe
rCold   . . .      Faith    .   (no shield)
rNeg    . . .      Spirit   .   b - +0 leather armour
rPois   .          Reflect  .   (helmet restricted)
rElec   .          Harm     .   (no cloak)
rCorr   .          Rampage  .   (no gloves)
Will    .....                   (boots unavailable)
Stlth   +.........              (no amulet)
HPRegen 0.08/turn               (no ring)
MPRegen 0.11/turn               (no ring)

@: no status effects
A: beak, talons 3
a: no special abilities


You were on level 2 of the Dungeon.
You visited 1 branch of the dungeon, and saw 2 of its levels.

You collected 49 gold pieces.


Innate Abilities, Weirdness & Mutations

You have a beak for a mouth.
You have claws for feet.


   Skills:
 - Level 2.0 Fighting
 + Level 4.8 Axes
 - Level 1.0 Throwing
 - Level 1.1 Armour
 - Level 2.1 Dodging
 - Level 2.0 Spellcasting
 - Level 2.4 Translocations


You had 7 spell levels left.
You didn't know any spells.
Your spell library contained the following spells:

 Spells                   Type           Power      Damage    Failure   Level
 Blink                    Tloc           14%        N/A       19%         2
 Gell's Gravitas          Tloc           7%         N/A       36%         3
 Lesser Beckoning         Tloc           7%         N/A       36%         3
 Teleport Other           Tloc           7%         N/A       36%         3
 Manifold Assault         Tloc           7%         N/A       98%         5

Inventory:

Hand Weapons
 Y - a +0 hand axe (weapon)
Armour
 b - a +0 leather armour (worn)
 d - a +0 kite shield
Jewellery
 g - a +4 ring of evasion
Scrolls
 a - a scroll of noise {unknown}
 c - a scroll of magic mapping {unknown}
 h - a scroll of summoning {unknown}
 i - a scroll of identify
Potions
 e - a potion of berserk rage {unknown}
 f - a potion of degeneration {unknown}

Dungeon Overview and Level Annotations

Branches:
Dungeon (2/15)

Altars:

Shops:
D:1 !

Annotations:
D:2 Sigmund


Message History

You start waiting.
Sigmund is nearby!
Sigmund barely misses you. Sigmund closely misses you.
You hit Sigmund. You claw Sigmund, but do no damage.
Sigmund is lightly wounded.
You closely miss Sigmund.
Sigmund is lightly wounded.
Sigmund hits you with a +0 scythe!
You closely miss Sigmund. You claw Sigmund.
Sigmund is moderately wounded.
Sigmund hits you with a +0 scythe!
You closely miss Sigmund. You claw Sigmund. You peck Sigmund, but do no damage.
Sigmund is heavily wounded.
You hit Sigmund. Your kick misses Sigmund.
Sigmund is heavily wounded.
Sigmund points at you and mumbles some strange words.
You resist with some effort.
You closely miss Sigmund. You claw Sigmund.
Sigmund is heavily wounded.
Sigmund gestures at you while chanting. You resist with some effort.
You barely miss Sigmund. You claw Sigmund!
Sigmund is almost dead.
Sigmund casts a spell at you. You resist with some effort.
You closely miss Sigmund. Your kick misses Sigmund.
Sigmund is almost dead.
Sigmund says, "Don't worry, I'll kill you fast."
Sigmund mumbles some strange words.
Sigmund flickers and vanishes!
Deactivating autopickup; reactivate with Ctrl-A.
You hit something. Your kick misses something. Something hits you.
You miss something.
You hear some strange, mumbled words.
Something tries to affect you, but you resist.
You hit something. Something hits you!
You die...

#.#....####.##...#
##.#....####.##.#.#
................#.#
##.#...#####.####.#
#.#.%.# #....#.#
#.....# #.#.##.#
###.#.# #....#.#
#.#.# #.#..#.######
#.#.# #.#..@......#
#.#.# #.#.##{####.#
#.#.. ..... .#
####.### ###.# .#
.....# #.# .#
.....# #. .#
.....####.# #. .#
........#.####. .#
.....##.#......


There were no monsters in sight!

Vanquished Creatures
  3 adders (D:2)
  3 worms (D:2)
  7 endoplasms
  A goblin (D:1)
  4 hobgoblins
  4 jackals (D:2)
  A kobold (D:2)
  A quokka (D:1)
  A ball python (D:1)
  4 bats
  3 rats
32 creatures vanquished.

Notes
Turn   | Place    | Note
-------+----------+-------------------------------------------
     0 | D:1      | qw the Tengu Warper began the quest for the Orb.
     0 | D:1      | Reached XP level 1. HP: 12/12 MP: 4/4
     0 | D:1      | 0 ||| qw: Version: 0.1-a-89-g26bdef1
     0 | D:1      | 0 ||| qw: Game counter: 2047
     0 | D:1      | 0 ||| qw: Always use a shield: true
     0 | D:1      | 0 ||| qw: God list: Okawaru
     0 | D:1      | 0 ||| qw: Allow faded altars: false
     0 | D:1      | 0 ||| qw: Do Orc after D:15 true
     0 | D:1      | 0 ||| qw: Do second Lair branch before Depths: true
     0 | D:1      | 0 ||| qw: Lair rune preference: random
     0 | D:1      | 0 ||| qw: Plans: Normal
     0 | D:1      | 0 ||| PLANNING D:1-11
    18 | D:1      | Found Vicedwen's Distillery.
    23 | D:1      | 23 ||| SHOPLISTING potion of curing (36 gold, have 0).
   267 | D:1      | Reached XP level 2. HP: 12/17 MP: 6/6
   443 | D:1      | Reached skill level 3 in Axes
  1080 | D:1      | 1080 ||| READING scroll labelled TOLOVO MEEPRE.
  1081 | D:1      | 1081 ||| DROPPING scroll of blinking.
  1113 | D:2      | Reached XP level 3. HP: 10/21 MP: 7/7
  1233 | D:2      | 1233 ||| Stepping ~*~*~tactically~*~*~ (stealth).
  1240 | D:2      | 1240 ||| Stepping ~*~*~tactically~*~*~ (stealth).
  1259 | D:2      | 1259 ||| Stepping ~*~*~tactically~*~*~ (stealth).
  1479 | D:2      | Reached skill level 4 in Axes
  1492 | D:2      | 1492 ||| Stepping ~*~*~tactically~*~*~ (stealth).
  1612 | D:2      | 1612 ||| Stepping ~*~*~tactically~*~*~ (stealth).
  1614 | D:2      | 1614 ||| Stepping ~*~*~tactically~*~*~ (stealth).
  1625 | D:2      | 1625 ||| Stepping ~*~*~tactically~*~*~ (stealth).
  1627 | D:2      | 1627 ||| Stepping ~*~*~tactically~*~*~ (stealth).
  1993 | D:2      | Reached XP level 4. HP: 26/26 MP: 8/8
  2090 | D:2      | 2090 ||| Stepping ~*~*~tactically~*~*~ (stealth).
  2442 | D:2      | Noticed Sigmund
  2443 | D:2      | 2443 ||| Stepping ~*~*~tactically~*~*~ (hiding).
  2458 | D:2      | Slain by Sigmund

Levels and vault maps discovered:
D:1:      nzn_arrival_water_spiral, layout_basic, serial_shops,
          nicolae_shop_trees, lemuel_another_geyser
D:2:      layout_basic, uniq_sigmund

Skill      XL: |  1  2  3 |
---------------+----------+-----
Axes           | 3 4 |  4.8
Fighting       | |  2.0
Throwing       | |  1.0
Armour         | |  1.1
Dodging        | |  2.1
Spellcasting   | |  2.0
Translocations | |  2.4

Action                   |  1- 3 |  4- 6 || total
-------------------------+-------+-------++-------
Melee: Hand axe          |    67 |    38 ||   105
       Kick              |    19 |    12 ||    31
       Peck              |     9 |     6 ||    15
       Punch             |     1 |       ||     1
Throw: Boomerang         |     7 |       ||     7
  Use: Scroll            |     1 |       ||     1
Armor: Leather armour    |     6 |     4 ||    10
Dodge: Dodged            |    38 |    13 ||    51

Table legend:
 A = Non-vault XP
 B = Vault XP
 C = Vault XP percentage of total XP
 D = Non-vault monster count
 E = Vault monster count
 F = Vault count percentage of total count
                 A         B        C        D         E       F
            +---------+---------+-------+---------+---------+-------
      Total |      99 |       0 |   0.0 |      32 |       0 |   0.0
            +---------+---------+-------+---------+---------+-------
        D:1 |      21 |       0 |   0.0 |      13 |       0 |   0.0
        D:2 |      78 |       0 |   0.0 |      19 |       0 |   0.0
            +---------+---------+-------+---------+---------+-------
